 Dungeon Crawl Stone Soup version 0.27-a0-1299-g1ab19c6527 (webtiles) character file.

Game seed: 3961616955045726221

272536 freelancePsychic the Cloud Mage (level 20, -7/131 HPs)
             Began as a Tengu Air Elementalist on June 15, 2021.
             Was a High Priest of Sif Muna.
             Shot with a bolt by a yaktaur (8 damage)
             ... led by a yaktaur captain
             ... while paralysed by Xtahua
             ... on level 4 of the Vaults on June 16, 2021.
             The game lasted 03:05:09 (67284 turns).

freelancePsychic the Cloud Mage (TeAE)             Turns: 67284, Time: 03:05:10

Health: -7/131     AC: 15    Str: 12    XL:     20   Next: 67%
Magic:  3/34       EV:  2    Int: 33    God:    Sif Muna [*****.]
Gold:   2558       SH:  0    Dex: 27    Spells: 4/38 levels left

rFire    + . .     SeeInvis +   b - staff of air
rCold    + . .     Faith    .   Z - +3 buckler {AC+3}
rNeg     . . .     Spirit   .   U - +2 troll leather armour "Ufaompotai" {rC- Regen+ Str+2 Int+4 Dex+6}
rPois    .         Reflect  +   q - +2 hat
rElec    +         Harm     .   N - scarf {rC+ rF+}
rCorr    .         Rampage  .   o - +1 pair of gloves of the Eternal Void {rC+ Int+6}
Will     +....                  (boots unavailable)
Stlth    ++++......             i - amulet of reflection
HPRegen  1.31/turn              c - ring "Sytawem" {Dex+6 SInv Stlth+}
MPRegen  0.24/turn              W - ring of wizardry

@: paralysed, flying quickly and evasively, very slightly contaminated, quick
A: beak, talons 3, nimble flight, shaggy fur 1
}: 1/15 runes: gossamer
a: Renounce Religion, Channel Magic, Forget Spell, Divine Exegesis


You were on level 4 of the Vaults.
You worshipped Sif Muna.
Sif Muna was extremely pleased with you.
You visited 7 branches of the dungeon, and saw 33 of its levels.
You also visited: Sewer, Bailey, Gauntlet, Ice Cave and Wizlab.

You collected 3893 gold pieces.
You spent 1335 gold pieces at shops.

Inventory:

Missiles
 v - 3 curare-tipped darts
 F - 6 throwing nets
 G - 3 boomerangs of dispersal
Armour
 f - the +0 robe of Dishonour {Rampage Str-4 Int+6}
   (You found it on level 8 of the Dungeon)

   It affects your strength (-4).
   It affects your intelligence (+6).
   It bestows one free step when moving towards enemies.
 o - the +1 pair of gloves of the Eternal Void (worn) {rC+ Int+6}
   (You found it on level 9 of the Dungeon)

   It affects your intelligence (+6).
   It protects you from cold.
 q - a +2 hat (worn)
 z - the +3 ring mail of the Beginning {Dex+7}
   (You found it on level 8 of the Dungeon)

   It affects your dexterity (+7).
 N - a scarf of resistance (worn)
 U - the +2 troll leather armour "Ufaompotai" (worn) {rC- Regen+ Str+2 Int+4 Dex+6}
   (You found it in a Gauntlet)

   It affects your strength (+2).
   It affects your intelligence (+4).
   It affects your dexterity (+6).
   It makes you vulnerable to cold.
   It increases your rate of health regeneration.
 Z - a +3 buckler of protection (worn)
Magical Staves
 a - a staff of conjuration
 b - a staff of air (weapon)
Jewellery
 c - the ring "Sytawem" (left hand) {Dex+6 SInv Stlth+}
   (You acquired it on level 1 of the Dungeon)

   [ring of dexterity]

   It affects your dexterity (+6).
   It lets you see invisible.
   It makes you more stealthy.
 i - an amulet of reflection (around neck)
 C - the ring of Buthreoxu {rElec rC+ rCorr Str+2 Stlth-}
   (You found it in a Gauntlet)

   [ring of protection from cold]

   It affects your strength (+2).
   It protects you from cold.
   It insulates you from electricity.
   It protects you from acid and corrosion.
   It makes you less stealthy.
 H - a ring of positive energy
 O - an amulet of the acrobat
 V - an amulet of magic regeneration
 W - a ring of wizardry (right hand)
Wands
 u - a wand of charming (15)
 w - a wand of mindburst (39)
 A - a wand of acid (6)
 B - a wand of iceblast (63)
 J - a wand of flame (48)
 S - a wand of digging (5)
 X - a wand of paralysis (8)
Scrolls
 g - 5 scrolls of enchant armour
 l - 2 scrolls of silence
 m - 3 scrolls of brand weapon
 t - 5 scrolls of blinking
 y - 6 scrolls of amnesia
 K - 10 scrolls of identify {@r1}
 M - 7 scrolls of teleportation {@r4}
 P - 3 scrolls of summoning
 Q - 8 scrolls of enchant weapon
 R - a scroll of holy word
 T - 3 scrolls of fear
Potions
 d - 5 potions of attraction
 h - 12 potions of curing {@q1}
 j - 3 potions of haste {@q3}
 k - 4 potions of cancellation
 n - a potion of invisibility
 p - 7 potions of might
 r - 9 potions of brilliance
 s - 5 potions of heal wounds {@q2}
 x - a potion of lignification
 D - 5 potions of resistance
 E - 4 potions of mutation
 I - 5 potions of magic
 L - 6 potions of ambrosia
Miscellaneous
 Y - a condenser vane


   Skills:
 - Level 16.0 Fighting
 - Level 8.0 Armour
 * Level 13.3 Dodging
 - Level 2.0 Stealth
 - Level 4.0 Shields
 - Level 9.5 Spellcasting
 - Level 23.1 Conjurations
 - Level 23.7 Air Magic
 - Level 9.0 Invocations


You had 4 spell levels left.
You knew the following spells:

 Your Spells              Type           Power      Damage    Failure   Level
a - Lightning Bolt        Conj/Air       65%        1d89      0%          5
b - Chain Lightning       Conj/Air       65%        3d86      10%         9
c - Airstrike             Air            65%        N/A       0%          4
d - Conjure Ball Lightni  Conj/Air       65%        3x3d23    1%          6
e - Iskenderun's Battles  Conj           100%       2d15      0%          5
f - Passwall              Tmut/Erth      12%        N/A       2%          2
g - Static Discharge      Conj/Air       100%       N/A       0%          2
h - Shock                 Conj/Air       100%       1d9       0%          1

Your spell library contained the following spells:

 Spells                   Type           Power      Damage    Failure   Level
 Magic Dart               Conj           100%       1d8       0%          1
 Searing Ray              Conj           100%       3d7       0%          2
 Mephitic Cloud           Conj/Pois/Air  100%       N/A       0%          3
 Swiftness                Air            100%       N/A       0%          3
 Animate Skeleton         Necr           30%        N/A       1%          1
 Apportation              Tloc           30%        N/A       1%          1
 Beastly Appendage        Tmut           30%        N/A       1%          1
 Corona                   Hex            16%        N/A       1%          1
 Foxfire                  Conj/Fire      100%       2x1d9     1%          1
 Pain                     Necr           60%        1d7       1%          1
 Sandblast                Erth           30%        2d9       1%          1
 Sting                    Tmut/Pois      60%        1d6       1%          1
 Summon Small Mammal      Summ           60%        N/A       1%          1
 Corpse Rot               Necr/Air       N/A        N/A       1%          2
 Poisonous Vapours        Pois/Air       100%       N/A       1%          2
 Conjure Flame            Conj/Fire      75%        6-21      1%          3
 Dazzling Flash           Conj/Hex       100%       N/A       1%          3
 Stone Arrow              Conj/Erth      100%       3d13      1%          3
 Fulminant Prism          Conj/Hex       37%        3d18      1%          4
 Hailstorm                Conj/Ice       75%        3d15      1%          4
 Iskenderun's Mystic Bla  Conj/Tloc      75%        2d15      1%          4
 Summon Lightning Spire   Summ/Air       96%        N/A       1%          4
 Blink                    Tloc           N/A        N/A       2%          2
 Call Imp                 Summ           15%        N/A       2%          2
 Ensorcelled Hibernation  Hex/Ice        30%        N/A       2%          2
 Slow                     Hex            15%        N/A       2%          2
 Call Canine Familiar     Summ           15%        N/A       4%          3
 Confusing Touch          Hex            15%        N/A       4%          3
 Gell's Gravitas          Tloc           7%         N/A       4%          3
 Portal Projectile        Hex/Tloc       30%        N/A       4%          3
 Summon Guardian Golem    Hex/Summ       15%        N/A       4%          3
 Tukima's Dance           Hex            15%        N/A       4%          3
 Animate Dead             Necr           7%         N/A       16%         4
 Dispel Undead            Necr           15%        3d10      16%         4
 Leda's Liquefaction      Hex/Erth       7%         N/A       16%         4
 Passage of Golubria      Tloc           N/A        N/A       16%         4
 Petrify                  Tmut/Erth      15%        N/A       16%         4
 Summon Ice Beast         Ice/Summ       15%        N/A       16%         4
 Bolt of Magma            Conj/Fire/Erth 30%        4d14      1%          5
 Fireball                 Conj/Fire      37%        3d15      1%          5
 Freezing Cloud           Conj/Ice/Air   54%        6-21      1%          5
 Irradiate                Conj/Tmut      37%        3d26      1%          5
 Silence                  Hex/Air        48%        N/A       1%          5
 Iron Shot                Conj/Erth      37%        9d7       1%          6
 Starburst                Conj/Fire      37%        8x6d11    1%          6
 Orb of Destruction       Conj           53%        9d16      1%          7
 Storm Form               Tmut/Air       48%        N/A       10%         7
 Spellforged Servitor     Conj/Summ      37%        N/A       11%         7
 Agony                    Necr           15%        N/A       38%         5
 Borgnjor's Vile Clutch   Necr/Erth      7%         N/A       38%         5
 Excruciating Wounds      Necr           7%         N/A       38%         5
 Lee's Rapid Deconstruct  Erth           7%         3d8*      38%         5
 Manifold Assault         Tloc           15%        N/A       38%         5
 Metabolic Englaciation   Hex/Ice        7%         N/A       38%         5
 Summon Forest            Summ/Tloc      7%         N/A       38%         5
 Summon Mana Viper        Hex/Summ       15%        N/A       38%         5
 Lehudib's Crystal Spear  Conj/Erth      37%        10d9      61%         8
 Death Channel            Necr           7%         N/A       89%         6
 Dispersal                Tloc           7%         N/A       89%         6
 Shadow Creatures         Summ           N/A        N/A       89%         6
 Simulacrum               Ice/Necr       7%         N/A       89%         6
 Haunt                    Necr/Summ      7%         N/A       100%        7
 Summon Hydra             Summ           7%         N/A       100%        7
 Disjunction              Tloc           7%         N/A       100%        8


Dungeon Overview and Level Annotations

Branches:
Dungeon (15/15)            Temple (1/1) D:5            Lair (6/6) D:11
 Shoals (1/4) Lair:2       Spider (4/4) Lair:2        Slime (0/5) Lair:6
    Orc (2/2) D:9             Elf (0/3) Orc:2        Vaults (4/5) D:14
  Crypt (0/3) Vaults:2     Depths (0/5) D:15          Sewer (visited)
 Bailey (visited)           IceCv (visited)          WizLab (visited)
Gauntlet (visited)

Altars:
Cheibriados
Dithmenos
Elyvilon
Fedhas
Gozag
Hepliaklqana
Kikubaaqudgha
Makhleb
Okawaru
Qazlal
Ru
Sif Muna
Trog
Uskayaw
Wu Jian
Zin
The Shining One
Jiyva

Shops:
D:9 ?   D:11 !   D:13 [   Orc:2 :[!!   Vaults:2 [=:?   Vaults:3 **(!=

Portals:
Trove: D:11 (give +3 gold dragon scales)

Annotations:
D:5 Ijyb
Spider:3 Bai Suzhen
Vaults:4 Xtahua


Innate Abilities, Weirdness & Mutations

You have a beak for a mouth.
You have claws for feet.
Your magical nature lets you fly swiftly and evasively.
You are covered in fur. (AC +1)


Message History

You feel a surge of power!
You hear a mighty clap of thunder!
The bolt of lightning hits the ironbound convoker!!
The ironbound convoker is severely wounded.
The ice encasing you melts away.
The ironbound convoker begins to recite a word of recall!
You see here a +0 ring mail.
Xtahua roars deafeningly!
Xtahua thunders ferociously at you!
You suddenly lose the ability to move!
The yaktaur is recalled.
Xtahua is recalled.
A vault sentinel comes into view. It is wielding a +0 war axe.
A vault warden comes into view. It is wielding a +1 halberd of flaming.
The yaktaur wields an arbalest.
The yaktaur shoots a bolt.
The bolt hits you.
A yaktaur comes into view. It is wielding a +0 arbalest.
The vault warden activates a sealing rune.
The doors slam shut!
Xtahua breathes fire at you. The searing blast hits you! You resist.
The vault sentinel blows a loud note on a signal horn!
The yaktaur shoots a bolt.
The bolt hits you!!
The ironbound convoker gestures at the vault warden while chanting.
The vault warden seems to grow stronger.
You are engulfed in blazing flames.
You resist.
An ironbound convoker comes into view. It is wielding a +0 flail.
The yaktaur shoots a bolt.
The bolt barely misses you.
You are engulfed in blazing flames.
You resist. Xtahua thunders ferociously at you!
You struggle to resist.
The yaktaur shoots a bolt.
The bolt hits you!
The ironbound convoker gestures at the ironbound convoker while chanting.
The ironbound convoker seems to grow stronger.
You are engulfed in blazing flames.
You resist.
* * * LOW HITPOINT WARNING * * *
The vault warden unwields a +1 halberd of flaming.
It stops flaming.
The vault warden wields a +0 arbalest.
The vault warden shoots a bolt.
The bolt hits you!!
* * * LOW HITPOINT WARNING * * *
The vault sentinel gestures at you while chanting.
You barely resist.
The yaktaur shoots a bolt.
The bolt hits you!
You die...

*,,,,,,,*,,,,,,*
*********,,,,..# *,,....#
*,.....* *,.)..,*
*********###########+#***
,,,,,,,,,............#
,,,,,,,,,............#
,,,,,,,,,......)@[...#
,,,#############.....#
,,,#...#...#...#.....#########*
,,,#...........#...D.+........*
,,,#...#...#...#.....#...†....*
,,,##.###.###)##p..cp#........*
,,,#...#...#...+..pp.#........*
...#...#...#...#.....#........*
...#...#...#...#.....#........*


You could see Xtahua (catching breath), a vault warden (strong), a vault
sentinel (catching breath), 2 ironbound convokers and a yaktaur.

Vanquished Creatures
  An ancient lich (Vaults:4)
  Arachne (Spider:4)
  Jorgrun (Spider:1)
  A lich (Vaults:2)
  An ancient champion (WizLab)
  3 ghost moths (Spider:4)
  Donald (Vaults:4)
  A deep elf sorcerer (Vaults:2)
  14 vault wardens
  3 emperor scorpions (Spider:4)
  A very ugly thing (Vaults:2)
  14 ironbound preservers
  A war gargoyle (Vaults:3)
  A stone giant (Vaults:4)
  Nessos (D:13)
  2 entropy weavers
  A minotaur (Gauntlet)
  7 dire elephants
  2 spark wasps
  7 yaktaur captains
  2 crystal guardians (Vaults:2)
  6 great orbs of eyes
  A merfolk impaler (Shoals:1)
  Erolcha (D:10)
  2 peacekeepers
  4 vault guards (Vaults:1)
  5 ironbound thunderhulks
  9 hydras
  9 boulder beetles
  The ghost of miscthings the Thaumaturge, a journeyman DjCj of Makhleb (D:10)
  Harold (D:9)
  An ogre mage (D:15)
  7 ironbound frosthearts
  Erica (D:10)
  2 merfolk avatars (Shoals:1)
  A catoblepas (Lair:6)
  4 two-headed ogres
  A merfolk aquamancer (Shoals:1)
  2 dancing weapons (D:14)
  11 centaur warriors
  4 tengu warriors
  Nergalle (D:11)
  5 orc high priests (Orc:2)
  A deep elf knight (Spider:3)
  3 ironbound beastmasters
  An iron troll (shapeshifter) (Vaults:1)
  A fire crab (Gauntlet)
  10 skeletal warriors
  3 sea snakes (Shoals:1)
  37 deep trolls
  A deep elf archer (Spider:3)
  2 glowing orange brains
  11 wizards
  5 harpies (Vaults:3)
  8 ironbound convokers
  2 lindwurms
  2 necromancers
  3 deep elf pyromancers
  24 wolf spiders
  10 orc knights
  An orc sorcerer (Orc:1)
  An obsidian statue (D:9)
  5 manticores
  6 fauns (Shoals:1)
  39 ugly things
  2 oklob plants (Lair:1)
  21 orb spiders
  5 cyclopes
  A stone giant zombie (Vaults:4)
  2 moths of wrath
  2 merfolk sirens (Shoals:1)
  A water nymph (Shoals:1)
  3 elephants (Lair:2)
  3 black mambas
  13 vault sentinels
  Joseph (D:8)
  A torpor snail (Lair:2)
  Maggie (D:9)
  13 cane toads
  4 rime drakes
  5 gargoyles
  2 unseen horrors
  2 ice devils (Lair:5)
  13 demonic crawlers
  33 yaktaurs
  2 efreet
  A freezing wraith (Vaults:2)
  7 komodo dragons
  7 kobold demonologists
  31 jumping spiders
  A queen bee (D:10)
  6 merfolk (Shoals:1)
  8 trolls
  A yaktaur skeleton (Vaults:2)
  16 hornets
  9 polar bears
  A stone giant simulacrum (Vaults:2)
  A raiju (Spider:3)
  A snapping turtle (Shoals:1)
  8 blink frogs
  28 slime creatures
  3 dream sheep (Shoals:1)
  A small abomination (Gauntlet)
  35 tarantellas
  78 redbacks
  13 spriggans (Lair:6)
  4 water elementals
  2 shadows
  A wraith (D:12)
  9 wyverns
  3 fire bats (Gauntlet)
  5 vampires
  32 yaks
  A yak (shapeshifter) (D:14)
  7 basilisks
  2 steam dragons
  Eustachio (D:5)
  8 vampire mosquitoes
  An elf skeleton (Vaults:2)
  Menkaure (D:5)
  2 wargs
  5 two-headed ogre zombies (WizLab)
  4 acid dragons
  7 water moccasins
  A sky beast (D:4)
  6 ice beasts (IceCv)
  46 orc warriors
  13 black bears
  2 necrophages
  5 ogres
  27 wolves
  4 boggarts (Lair:6)
  24 centaurs
  8 kobold brigands
  Blork the orc (D:5)
  9 bullfrogs
  A gnoll sergeant (D:10)
  3 scorpions
  A human skeleton (Vaults:2)
  9 troll zombies (WizLab)
  27 killer bees
  2 howler monkeys (D:9)
  11 wights
  11 electric eels
  5 centaur zombies
  2 hounds
  A gnoll shaman (D:5)
  34 orc priests
  5 jellies
  Jessica (D:2)
  3 iguanas
  27 orc wizards
  2 ogre zombies (WizLab)
  A howler monkey zombie (D:6)
  14 gnolls
  4 adders
  A white imp (D:7)
  An ufetubus (D:5)
  2 adder skeletons (D:4)
  2 worms (D:2)
  3 dart slugs
  98 orcs
  16 ball pythons
  5 endoplasms
  3 giant cockroaches
  11 hobgoblins
  41 kobolds
  3 quokkas
  4 bats
  2 frilled lizards
  11 goblins
  10 rats
  3 ball lightnings (Vaults:2)
1328 creatures vanquished.

Vanquished Creatures (collateral kills)
  15 ball lightnings
15 creatures vanquished.

Vanquished Creatures (others)
  A kobold (D:9)
  466 ball lightnings
  50 fungi
  63 plants
580 creatures vanquished.

Grand Total: 1923 creatures vanquished

Notes
Turn   | Place    | Note
-------+----------+-------------------------------------------
     0 | D:1      | freelancePsychic the Tengu Air Elementalist began the quest
                  | for the Orb.
     0 | D:1      | Reached XP level 1. HP: 10/10 MP: 4/4
   221 | D:1      | Reached XP level 2. HP: 15/15 MP: 1/6
   812 | D:1      | Identified a scroll of acquirement
   815 | D:1      | Acquired the ring "Sytawem" {Dex+6 SInv Stlth+}
   826 | D:1      | Reached XP level 3. HP: 19/19 MP: 5/7
  1337 | D:2      | Reached skill level 5 in Air Magic
  1343 | D:2      | Learned a level 2 spell: Static Discharge
  1647 | D:2      | Reached XP level 4. HP: 24/24 MP: 3/8
  1913 | D:2      | Noticed Jessica
  1916 | D:2      | Killed Jessica
  1937 | D:2      | Gained mutation: Your magical nature lets you fly swiftly
                  | and evasively. [Tengu growth]
  1937 | D:2      | Reached XP level 5. HP: 28/28 MP: 0/9
  2020 | D:2      | Found a faded altar of an unknown god.
  2477 | D:3      | Learned a level 4 spell: Airstrike
  2631 | D:3      | Found a blossoming altar of Fedhas.
  2773 | D:3      | Found a white marble altar of Elyvilon.
  3613 | D:4      | Noticed a black bear
  3862 | D:4      | Reached XP level 6. HP: 19/32 MP: 1/10
  3997 | D:4      | Killed a black bear
  4120 | D:5      | Entered Level 5 of the Dungeon
  4210 | D:5      | Noticed a sky beast
  4308 | D:4      | Killed a sky beast
  4309 | D:4      | Reached XP level 7. HP: 35/36 MP: 0/11
  4433 | D:5      | Reached skill level 5 in Dodging
  4477 | D:5      | Noticed Blork the orc
  4480 | D:5      | Killed Blork the orc
  4613 | D:5      | Noticed Eustachio
  4788 | D:5      | Noticed Ijyb
  4870 | D:5      | Killed Eustachio
  5024 | D:5      | Found a staircase to the Ecumenical Temple.
  5033 | Temple   | Entered the Ecumenical Temple
  5115 | Temple   | Became a worshipper of Sif Muna the Loreminder
  5279 | D:5      | Learned a level 3 spell: Mephitic Cloud
  5340 | D:5      | Reached XP level 8. HP: 33/41 MP: 4/12
  5476 | D:5      | Reached skill level 5 in Conjurations
  5935 | D:5      | Noticed Menkaure
  5937 | D:5      | Killed Menkaure
  6470 | D:6      | Found a glowing drain.
  6483 | D:6      | Learned a level 5 spell: Lightning Bolt
  6487 | Sewer    | Entered a sewer
  6930 | Sewer    | Reached * piety under Sif Muna
  7436 | D:6      | Reached skill level 1 in Fighting
  7546 | D:7      | Reached skill level 10 in Air Magic
  8158 | D:5      | Reached skill level 1 in Invocations
  8320 | D:6      | Reached XP level 9. HP: 49/49 MP: 6/15
 11009 | D:8      | Noticed Joseph
 11189 | D:8      | Noticed a hornet
 11190 | D:8      | Reached ** piety under Sif Muna
 11574 | D:8      | Noticed an unseen horror
 11580 | D:7      | Killed an unseen horror
 11685 | D:7      | Reached skill level 5 in Invocations
 11760 | D:7      | Reached XP level 10. HP: 24/58 MP: 0/16
 12082 | D:8      | Found Dair's Antique Armour Emporium.
 12267 | D:8      | Identified the +0 robe of Dishonour {Rampage Str-4 Int+6}
 12678 | D:8      | Identified the +3 ring mail of the Beginning {Dex+7}
 12746 | D:8      | Found a hazy altar of Hepliaklqana.
 13148 | D:9      | Noticed a boulder beetle
 13172 | D:8      | Killed Joseph
 13644 | D:9      | Noticed Maggie
 13820 | D:9      | Reached skill level 1 in Armour
 14051 | D:9      | Found a staircase to the Orcish Mines.
 14078 | D:9      | Found Ratupt's Magic Scroll Shoppe.
 14509 | D:9      | Noticed an obsidian statue
 14669 | D:9      | Noticed Harold
 14681 | D:9      | Killed Harold
 14917 | D:8      | Acquired a staff of conjuration
 15234 | D:9      | Killed Maggie
 15235 | D:9      | Reached XP level 11. HP: 42/62 MP: 0/17
 15446 | D:9      | Found an ornate altar of the Wu Jian Council.
 15454 | D:9      | Found an iron altar of Okawaru.
 15454 | D:9      | Found a burning altar of Makhleb.
 15456 | D:9      | Found a hide-covered altar of Uskayaw.
 15457 | D:9      | Found a glowing golden altar of the Shining One.
 15461 | D:9      | Found a glowing silver altar of Zin.
 15742 | D:8      | Acquired a staff of air
 15845 | Orc:1    | Entered Level 1 of the Orcish Mines
 16159 | Orc:1    | Reached *** piety under Sif Muna
 16535 | Orc:1    | Noticed an orc sorcerer
 16567 | Orc:1    | Killed an orc sorcerer
 16568 | Orc:1    | Reached skill level 5 in Armour
 16722 | Orc:2    | Entered Level 2 of the Orcish Mines
 16722 | Orc:2    | Found a staircase to the Elven Halls.
 16896 | Orc:2    | Noticed an orc knight
 17171 | Orc:2    | Noticed a cyclops
 17177 | Orc:2    | Killed a cyclops
 17178 | Orc:2    | Reached skill level 10 in Conjurations
 18165 | Orc:2    | Killed an orc knight
 18705 | Orc:2    | Noticed an orc high priest
 18709 | Orc:2    | Killed an orc high priest
 18709 | Orc:2    | Reached **** piety under Sif Muna
 18907 | Orc:2    | Noticed an orc knight
 19023 | Orc:2    | Killed an orc knight
 19024 | Orc:2    | Reached skill level 5 in Fighting
 19196 | Orc:2    | Noticed an orc knight
 19383 | Orc:2    | Killed an orc knight
 20405 | Orc:2    | Noticed an orc knight
 20423 | Orc:2    | Killed an orc knight
 20602 | Orc:2    | Reached skill level 5 in Spellcasting
 20966 | Orc:2    | Noticed an orc knight
 21094 | Orc:2    | Killed an orc knight
 21095 | Orc:2    | Reached XP level 12. HP: 71/71 MP: 2/21
 21298 | Orc:2    | Noticed an orc high priest
 21302 | Orc:2    | Noticed an orc high priest
 21303 | Orc:2    | Killed an orc high priest
 21304 | Orc:2    | Noticed a sun demon
 21546 | Orc:2    | Killed an orc high priest
 22544 | Orc:2    | Noticed an orc high priest
 22551 | Orc:2    | Killed an orc high priest
 22830 | Orc:2    | Noticed an orc high priest
 22834 | Orc:2    | Killed an orc high priest
 23065 | Orc:2    | Found Lusch's Book Boutique.
 23068 | Orc:2    | Found Kisocus's Antique Armour Boutique.
 23071 | Orc:2    | Found Yrreos's Distillery.
 23072 | Orc:2    | Found Hosoq's Distillery.
 23166 | Orc:2    | Bought a potion of heal wounds for 75 gold pieces
 23166 | Orc:2    | Bought a potion of brilliance for 60 gold pieces
 23166 | Orc:2    | Bought a potion of resistance for 150 gold pieces
 23166 | Orc:2    | Bought a potion of heal wounds for 75 gold pieces
 23167 | Orc:2    | Bought 2 potions of heal wounds for 140 gold pieces
 23167 | Orc:2    | Bought a potion of heal wounds for 70 gold pieces
 23167 | Orc:2    | Bought a potion of magic for 112 gold pieces
 23167 | Orc:2    | Bought a potion of magic for 112 gold pieces
 23399 | D:10     | Entered Level 10 of the Dungeon
 23462 | D:10     | You are sucked into a shaft and drop 2 floors!
 23713 | D:10     | Found an ancient bone altar of Kikubaaqudgha.
 23935 | D:10     | Found a bloodstained altar of Trog.
 24090 | D:10     | Found a flagged portal.
 24097 | Bailey   | Entered a bailey
 24108 | Bailey   | Reached ***** piety under Sif Muna
 25661 | D:10     | Found a runed translucent gate.
 25662 | D:10     | Found a runed translucent gate.
 25663 | D:10     | Found a runed translucent gate.
 25665 | D:10     | Found a viscous altar of Jiyva.
 25665 | D:10     | Noticed miscthings's ghost (journeyman DjCj)
 25801 | D:10     | Identified Sif Muna's Volume of the Excruciating Mountains
                  | (Sif Muna gifted it to you on level 10 of the Dungeon)
 25801 | D:10     | Received a gift from Sif Muna
 26175 | D:10     | Reached XP level 13. HP: 69/80 MP: 10/23
 26424 | D:10     | Noticed Erica
 26432 | D:10     | Learned a level 5 spell: Iskenderun's Battlesphere
 26434 | D:10     | Learned a level 1 spell: Shock
 26440 | D:10     | Killed Erica
 26674 | D:10     | Noticed Erolcha
 26901 | D:11     | Found a portal to a secret trove of treasure.
 27197 | D:11     | Reached skill level 10 in Fighting
 27306 | D:11     | Noticed Nergalle
 27314 | D:11     | Killed Nergalle
 27956 | D:11     | Found Utesocvewe's Distillery.
 29091 | D:11     | Found a staircase to the Lair.
 29118 | Lair:1   | Entered Level 1 of the Lair of Beasts
 29927 | Lair:1   | Identified Sif Muna's Handbook of Enchantment and Lightness
                  | (Sif Muna gifted it to you on level 1 of the Lair of
                  | Beasts)
 29927 | Lair:1   | Received a gift from Sif Muna
 29937 | Lair:1   | Learned a level 6 spell: Conjure Ball Lightning
 30581 | Lair:1   | Found a hide-covered altar of Uskayaw.
 30850 | Lair:2   | Acquired a +2 buckler of poison resistance
 30883 | Lair:2   | Reached skill level 1 in Shields
 31042 | Lair:2   | Found a staircase to the Shoals.
 31321 | Lair:2   | Reached XP level 14. HP: 92/92 MP: 2/24
 31489 | Lair:2   | Found a hole to the Spider Nest.
 31808 | Lair:2   | Reached skill level 15 in Air Magic
 34947 | Lair:5   | Reached skill level 10 in Dodging
 34953 | Lair:5   | Found a frozen archway.
 35017 | IceCv    | Entered an ice cave
 35218 | IceCv    | Found a transporter.
 35277 | Lair:5   | Found a gate leading to a gauntlet.
 35286 | Gauntlet | Entered a Gauntlet
 35286 | Gauntlet | Found a transporter.
 35422 | Gauntlet | Found a transporter.
 35433 | Gauntlet | Found a transporter.
 35438 | Gauntlet | Found a transporter.
 35446 | Gauntlet | Found a transporter.
 35467 | Gauntlet | Found a transporter.
 35478 | Gauntlet | Found a transporter.
 35490 | Gauntlet | Found a transporter.
 35511 | Gauntlet | Found a transporter.
 35523 | Gauntlet | Found a transporter.
 35525 | Gauntlet | Found a transporter.
 35535 | Gauntlet | Found a transporter.
 35807 | Gauntlet | Found a transporter.
 35814 | Gauntlet | Identified Zituah Soako's Collected Works on Hexes and
                  | Flight
 35837 | Gauntlet | Identified the ring of Buthreoxu {rElec rC+ rCorr Str+2
                  | Stlth-}
 36060 | Gauntlet | Identified the +5 short sword of Gloom {vorpal, rElec rN+
                  | Dex+3}
 36084 | Gauntlet | Identified the +2 troll leather armour "Ufaompotai" {rC-
                  | Regen+ Str+2 Int+4 Dex+6}
 36843 | Lair:5   | Received a gift from Sif Muna
 37417 | Lair:6   | Entered Level 6 of the Lair of Beasts
 37739 | Lair:6   | Reached skill level 15 in Conjurations
 38170 | Lair:6   | Reached XP level 15. HP: 93/96 MP: 2/25
 38991 | Lair:6   | Found a viscous altar of Jiyva.
 38991 | Lair:6   | Found a staircase to the Slime Pits.
 40479 | D:12     | Identified Sif Muna's Guide on Creative Poison (Sif Muna
                  | gifted it to you on level 12 of the Dungeon)
 40479 | D:12     | Received a gift from Sif Muna
 41885 | D:12     | Paralysed by a centaur for 5 turns
 41934 | D:12     | Identified the +1 morningstar "Watzeck" {pain, Int+2}
 42222 | D:12     | Identified An Introduction to Secret Knowledge
 42358 | D:13     | Noticed Nessos
 42361 | D:13     | Killed Nessos
 43187 | D:13     | Found Icarieco's Antique Armour Shoppe.
 43193 | D:13     | Identified Sif Muna's Incunabulum of Weightlessness
 43196 | D:13     | Bought a smoking robe for 210 gold pieces
 43196 | D:13     | Identified the +2 robe of Kaffit Kudi {Contam Drain rF+
                  | Int+8} (You bought it in a shop on level 13 of the Dungeon)
 44452 | D:14     | Found a gate to the Vaults.
 44776 | D:14     | Reached XP level 16. HP: 103/103 MP: 2/26
 45072 | D:15     | Entered Level 15 of the Dungeon
 45654 | D:15     | Identified Sif Muna's Papyrus of Flames and Conjuration
                  | (Sif Muna gifted it to you on level 15 of the Dungeon)
 45654 | D:15     | Received a gift from Sif Muna
 45663 | D:15     | Paralysed by an ogre mage for 2 turns
 46107 | D:15     | Found a glowing golden altar of the Shining One.
 46671 | D:15     | Found a staircase to the Depths.
 46919 | Spider:1 | Entered Level 1 of the Spider Nest
 47589 | Spider:1 | Noticed Jorgrun
 47856 | Spider:1 | Killed Jorgrun
 50217 | Spider:2 | Identified Sif Muna's Papyrus of Attacks (Sif Muna gifted
                  | it to you on level 2 of the Spider Nest)
 50217 | Spider:2 | Received a gift from Sif Muna
 50718 | Spider:3 | Noticed Bai Suzhen
 50719 | Spider:3 | Reached XP level 17. HP: 107/111 MP: 18/28
 52261 | Spider:4 | Entered Level 4 of the Spider Nest
 52856 | Spider:2 | Identified Sif Muna's Catalogue of the Damaging Rocks (Sif
                  | Muna gifted it to you on level 2 of the Spider Nest)
 52856 | Spider:2 | Received a gift from Sif Muna
 53377 | Spider:4 | Learned a level 2 spell: Passwall
 53400 | Spider:4 | Noticed Arachne
 53955 | D:9      | Identified the +0 cloak of Defence {Str+3}
 54034 | D:9      | Identified the +1 pair of gloves of the Eternal Void {rC+
                  | Int+6}
 54212 | D:10     | Killed Erolcha
 54475 | D:10     | Killed miscthings's ghost
 55327 | Shoals:1 | Entered Level 1 of the Shoals
 55328 | Shoals:1 | Upgraded the game from 0.27-a0-1291-geefcff550b to
                  | 0.27-a0-1299-g1ab19c6527
 56147 | Spider:4 | Killed Arachne
 57016 | Spider:3 | Reached XP level 18. HP: 54/116 MP: 6/32
 57525 | Spider:4 | Learned a level 9 spell: Chain Lightning
 57710 | Spider:4 | Got a gossamer rune of Zot
 58127 | Vaults:1 | Entered Level 1 of the Vaults
 58512 | Vaults:1 | Found a magical portal.
 58523 | WizLab   | Entered Zonguldrok's Shrine
 58732 | WizLab   | Identified Fussotrots's Volume of Ghastly Battle Magic (Sif
                  | Muna gifted it to you in a wizard's laboratory)
 58732 | WizLab   | Received a gift from Sif Muna
 59041 | WizLab   | Noticed an antique lich
 59044 | WizLab   | Found the +9 sword of Zonguldrok {reap}
 60067 | Vaults:1 | HP: 1/116 [spore (14)]
 60203 | Vaults:1 | Reached XP level 19. HP: 100/122 MP: 15/33
 60593 | Vaults:1 | You are sucked into a shaft and drop 1 floor!
 60723 | Vaults:2 | Identified Sif Muna's Collected Works on Attacks (Sif Muna
                  | gifted it to you on level 2 of the Vaults)
 60723 | Vaults:2 | Received a gift from Sif Muna
 60730 | Vaults:2 | Reached skill level 15 in Fighting
 61676 | Vaults:2 | Found Udimy's Jewellery Emporium.
 62171 | Vaults:2 | Found Qeboxuve's Magic Scroll Emporium.
 62177 | Vaults:2 | Bought a scroll of teleportation for 42 gold pieces
 62177 | Vaults:2 | Bought a scroll of magic mapping for 49 gold pieces
 62672 | Vaults:2 | Found Fuegeuc's Book Shop.
 62688 | Vaults:2 | Found a staircase to the Crypt.
 63019 | Vaults:2 | Found Xyger's Antique Armour Emporium.
 63024 | Vaults:2 | Identified the +1 ring mail of the Abyss {Int+3}
 63072 | Vaults:2 | Identified the +6 mace "Hyp Uzut" {vorpal, rC+ Int+3 Dex-3}
 63461 | Vaults:2 | Received a gift from Sif Muna
 64527 | Vaults:3 | Found Qiarhoku's Distillery.
 64535 | Vaults:3 | Bought a potion of curing for 45 gold pieces
 64535 | Vaults:3 | Bought a potion of heal wounds for 75 gold pieces
 64535 | Vaults:3 | Bought a potion of magic for 120 gold pieces
 64633 | Vaults:3 | Reached XP level 20. HP: 110/131 MP: 6/34
 64698 | Vaults:3 | You are sucked into a shaft and drop 1 floor!
 65283 | Vaults:4 | Noticed Donald
 65285 | Vaults:4 | Killed Donald
 65337 | Vaults:3 | Gained mutation: You are dopey. (Int -2) [mutagenic glow]
 65338 | Vaults:3 | Lost mutation: You are dopey. (Int -2) [potion of mutation]
 65338 | Vaults:3 | Gained mutation: You are covered in fur. (AC +1) [potion of
                  | mutation]
 65616 | Vaults:4 | Noticed an ancient lich
 65628 | Vaults:4 | Killed an ancient lich
 65690 | Vaults:4 | Noticed Xtahua
 65893 | Vaults:3 | Found Marchewyin's Jewellery Shoppe.
 65984 | Vaults:3 | Found Huqy's Weapon Boutique.
 66126 | Vaults:3 | Found Kinlietesh's Assorted Antiques.
 66586 | Vaults:3 | Found Sab Reng's Assorted Antiques.
 67178 | Vaults:4 | Identified Laso's Volume of Stolen Souls and Air (Sif Muna
                  | gifted it to you on level 4 of the Vaults)
 67178 | Vaults:4 | Received a gift from Sif Muna
 67279 | Vaults:4 | Paralysed by Xtahua for 5 turns
 67284 | Vaults:4 | HP: 1/131 [vault warden/bolt (32)]
 67284 | Vaults:4 | Shot with a bolt by a yaktaur

Illustrated notes

Levels and vault maps discovered:
D:1:      grunt_arrival_lava_bath, layout_basic, minmay_misc_feat_rows,
          minmay_unequal
D:2:      layout_basic, ebering_ecumenical_altar_sacrificial, uniq_jessica
D:3:      layout_rooms, lemuel_crystal_altar, elyvilon_altar_5,
          kennysheep_another_room
D:4:      layout_loops_cross
D:5:      layout_gridville, minmay_temple_entry_waves, minmay_misc_feat_room,
          uniq_ijyb, uniq_menkaure, uniq_blork_the_orc, uniq_eustachio
D:6:      layout_basic, portal_sewer_entry_d
D:7:      layout_loops_ring
D:8:      layout_rooms, lemuel_doored_altar, serial_shops, shop, uniq_joseph
D:9:      layout_cave_pools, minitemple, orc_0_dummy, serial_shops, shop,
          minivault_21, minmay_protected_statue, uniq_maggie, uniq_harold
D:10:     layout_cave_pods, nicolae_overflow_hidden_temple, kennysheep_mini,
          enter_bailey_3, gammafunk_ghost_ooze, special_room [special_room_bee],
          uniq_erolcha, uniq_erica
D:11:     layout_gridville, erik_lair_dragon, serial_shops, nicolae_shop_stone,
          enter_trove_6, uniq_nergalle
D:12:     minmay_the_grid_square_5x5_3x3 [minmay_the_grid_square_5x5_spiral,
          minmay_the_grid_square_5x5_dogpile, minmay_the_grid_square_5x5_tie,
          minmay_the_grid_square_5x5_bridge,
          minmay_the_grid_square_5x5_megaprize_open,
          minmay_the_grid_square_5x5_inner_v,
          minmay_the_grid_square_5x5_beaten_path,
          minmay_the_grid_square_5x5_lines, minmay_the_grid_square_5x5_z],
          layout_basic
D:13:     layout_cave_pods, serial_shops, nicolae_shop_stone, uniq_nessos
D:14:     layout_basic, erik_vaults_1, dk_noncrumbling_3
D:15:     hangedman_depths_entry_try_elsewhere_first, layout_basic,
          grunt_decor_fettered, tso_metal_star
Temple:   minmay_temple_curvy_loop
Lair:1:   beast_lair_carwin_large_3, layout_gridlike, basic_altar,
          minmay_lair_oklob_chamber, lemuel_fruit_tree
Lair:2:   layout_regular_city, shoals_dummy_entry,
          nicolae_spider_entry_tight_spaces, grunt_megastairs_3
Lair:3:   layout_concentric_octagons, serial_rivers,
          chequers_serial_rivers_micro_d, chequers_serial_rivers_large_a,
          chequers_serial_rivers_large_b, chequers_serial_rivers_marsh,
          serial_bayou_shore_b
Lair:4:   layout_cave_pods, minmay_holes, eino_small_chamber_without_monster,
          grunt_megastairs_2, serial_bayou_shore_a
Lair:5:   layout_misc_corridors, portal_ice_cave_demonic_guard,
          gauntlet_entry_generic, beast_lair_carwin_2
Lair:6:   minmay_lair_end_enchanted_forest, layout_loops_ring,
          dpeg_slime_entry_enclosed_altar
Shoals:1: layout_shoals, serial_shops, shop, shop, shop
Spider:1: layout_spider_delve, hangedman_spider_tarantella_strand, uniq_jorgrun
Spider:2: layout_spider_delve
Spider:3: layout_spider_delve, beargit_elvish_explorers, uniq_bai_suzhen
Spider:4: spider_rune_water, uniq_arachne
Orc:1:    layout_caves, hellmonk_bongcloud_opening
Orc:2:    st_orc_pillars, layout_diamond_mine
Vaults:1: vaults_mumra_lcd, hangedman_vaults_nails,
          nicolae_vaults_ring_of_whatevers, nicolae_vaults_network_star,
          v_pattern_3, v_misc_12, nicolae_vaults_know_your_exits,
          vaults_dpeg_diagonal, ontoclasm_vaults_claustrophobia,
          vaults_mumra_hex, v_misc_2, vaults_room_hallway,
          nicolae_vaults_little_squares_3, vaults_room_pools,
          layout_vaults_omnicross, mu_enter_wizlab_6
Vaults:2: hangedman_vaults_stretched_pinwheel, nicolae_vaults_border_crossing,
          minmay_crypt_entry_nasty_monster, nicolae_vaults_sealed_display,
          nicolae_vaults_display_case, v_alt_pattern_5,
          nicolae_vaults_twisting_passages, vaults_standard_mumra_lines,
          vaults_room_hallway, layout_vaults_quadrants, serial_shops, shop,
          shop, shop, shop, uniq_margery
Vaults:3: v_misc_13, v_misc_18, nicolae_vaults_ring_of_whatevers,
          hangedman_vaults_hat, nicolae_vaults_alarming, grunt_vaults_bifocal,
          hangedman_vaults_maws, vaults_dpeg_encased_lava, vaults_dpeg_cross,
          v_misc_18, layout_vaults_ring, serial_shops,
          nicolae_shop_behind_doors, shop, nicolae_shop_crystal,
          nicolae_shop_statue_plus, shop
Vaults:4: v_misc_30, ontoclasm_vaults_fault, nicolae_vaults_quadrants,
          nicolae_vaults_little_squares_6, v_misc_10,
          nicolae_vaults_little_squares_1, v_pattern_2, layout_vaults_big_room,
          serial_shops, shop, uniq_xtahua, uniq_donald

Skill      XL: |  1  2  3  4  5  6  7  8  9 10 11 12 13 14 15 16 17 18 19 20 |
---------------+-------------------------------------------------------------+-----
Conjurations   | 2 3 4 5 8 10 11 13 15 17 18 19 21 22 23 | 23.1
Air Magic      | 5 6 7 8 10 11 13 14 16 18 19 20 22 23 | 23.7
Dodging        | 3 4 6 7 8 9 11 12 13 | 13.3
Spellcasting   | 3 5 6 7 9 |  9.5
Fighting       | 2 4 6 9 12 14 16 | 16.0
Invocations    | 1 5 6 9 |  9.0
Armour         | 3 8 |  8.0
Shields        | 3 4 |  4.0
Stealth        | |  2.0

Action                   |  1- 3 |  4- 6 |  7- 9 | 10-12 | 13-15 | 16-18 | 19-21 || total
-------------------------+-------+-------+-------+-------+-------+-------+-------++-------
Melee: Dagger            |    10 |    25 |    26 |    13 |       |       |       ||    74
       Peck              |     2 |       |     2 |    31 |    44 |    35 |    25 ||   139
       Kick              |       |     2 |     7 |    52 |    67 |    52 |    36 ||   216
       Staff             |       |       |       |   100 |   163 |    94 |    72 ||   429
 Cast: Shock             |    69 |    52 |    43 |       |    70 |     9 |       ||   243
       Static Discharge  |       |     7 |    28 |    83 |   224 |   180 |    14 ||   536
       Airstrike         |       |     5 |    99 |   342 |   254 |   254 |    52 ||  1006
       Mephitic Cloud    |       |       |     6 |     3 |       |       |       ||     9
       Lightning Bolt    |       |       |       |    13 |    20 |    10 |    46 ||    89
       Iskenderun's Batt |       |       |       |       |    23 |     2 |       ||    25
       Conjure Ball Ligh |       |       |       |       |    38 |   119 |    36 ||   193
       Chain Lightning   |       |       |       |       |       |     2 |    53 ||    55
       Passwall          |       |       |       |       |       |     2 |       ||     2
       Lee's Rapid Decon |       |       |       |       |       |     1 |       ||     1
Invok: Channel Magic     |       |       |       |     1 |     5 |     6 |     8 ||    20
       Divine Exegesis   |       |       |       |       |       |     3 |       ||     3
Evoke: Wand              |       |       |       |     3 |       |     1 |       ||     4
       Condenser vane    |       |       |       |       |     1 |       |       ||     1
  Use: Scroll            |     2 |     3 |    10 |     8 |    15 |     5 |     4 ||    47
       Potion            |       |       |     1 |     3 |     6 |    17 |     3 ||    30
 Stab: Sleeping          |     1 |     8 |     1 |     1 |       |       |       ||    11
       Distracted        |     1 |       |       |       |     1 |       |       ||     2
       Confused          |       |       |     1 |       |       |       |       ||     1
Armor: Robe              |     1 |     4 |     7 |       |       |       |       ||    12
       Ring mail         |       |       |       |    78 |    52 |    16 |       ||   146
       Steam dragon scal |       |       |       |     3 |       |       |       ||     3
       Troll leather arm |       |       |       |       |    46 |    92 |    23 ||   161
Dodge: Dodged            |     8 |    15 |   104 |   251 |   422 |   413 |   127 ||  1340
Block: Other             |       |     4 |    29 |    63 |    26 |       |       ||   122
       Reflection        |       |       |     4 |     3 |    22 |    22 |    19 ||    70
       Buckler           |       |       |       |       |   314 |   389 |   120 ||   823

Table legend: (Time is in decaauts)
 A = Elapsed time spent in this place.
 B = Non-inter-level travel time spent in this place.
 C = Inter-level travel time spent in this place.
 D = Time resting spent in this place.
 E = Time spent auto-exploring this place.
 F = Levels seen in this place.
 G = Mean time per level.
                   A        B        C        D        E       F      G
               +--------+--------+--------+--------+--------+-----+--------+
         Total |  64858 |  61605 |   3253 |  15035 |  36553 |  38 | 1706.8 |
       Dungeon |  26753 |  24992 |   1761 |   4703 |  16571 |  15 | 1783.5 |
        Temple |     95 |     75 |     20 |      0 |     54 |   1 |   95.0 |
          Lair |  10615 |   9967 |    648 |   1636 |   7045 |   6 | 1769.2 |
        Shoals |    294 |    294 |      0 |     34 |     69 |   1 |  294.0 |
   Spider Nest |   7931 |   7510 |    421 |   3219 |   3011 |   4 | 1982.8 |
  Orcish Mines |   7279 |   7093 |    186 |   2422 |   3695 |   2 | 3639.5 |
        Vaults |   7927 |   7714 |    213 |   1791 |   4348 |   4 | 1981.8 |
         Sewer |    864 |    864 |      0 |      0 |    755 |   1 |  864.0 |
        Bailey |   1381 |   1381 |      0 |    349 |    743 |   1 | 1381.0 |
      Ice Cave |    230 |    230 |      0 |    193 |      0 |   1 |  230.0 |
        Wizlab |    552 |    552 |      0 |    167 |     18 |   1 |  552.0 |
      Gauntlet |    931 |    931 |      0 |    518 |    241 |   1 |  931.0 |
               +--------+--------+--------+--------+--------+-----+--------+

Top non-repeatable levels by time:
   Orc:2: 4285 daAuts
Vaults:2: 3309 daAuts
  Lair:2: 3018 daAuts
   Orc:1: 2994 daAuts
Spider:3: 2933 daAuts
    D:12: 2810 daAuts
     D:8: 2691 daAuts
    D:11: 2674 daAuts
     D:7: 2351 daAuts
Spider:1: 2343 daAuts
     D:5: 2307 daAuts
Vaults:3: 2117 daAuts
  Lair:1: 2022 daAuts
     D:9: 1889 daAuts
  Lair:6: 1881 daAuts
